[Event "Early-Titled-Tuesday-Blitz-June-18-2024"]
[Site "Chess.com"]
[Date "2024.06.18"]
[Round "3"]
[White "Sam_ChessMood"]
[Black "NovakCabarkapa"]
[Result "0-1"]
[WhiteElo "2946"]
[BlackElo "2751"]
[TimeControl "180+1"]
[EndTime "8:29:22 PDT"]
[Termination "NovakCabarkapa won by checkmate"]

1. d4 Nf6 2. Bg5 Ne4 3. Bh4 c6 4. Nd2 Qa5 5. c3 Qh5 6. Ngf3 d5 7. Qc1 f6 8. h3 g5 9. g4 Qf7 10. Bg3 Nxg3 11. fxg3 h5 12. gxh5 g4 13. hxg4 Bxg4 14.
Qc2 Rxh5 15. Rxh5 Qxh5 16. Qb3 Bc8 17. O-O-O Nd7 18. Bg2 Nb6 19. a4 Bh6 20. Kb1 Qg6+ 21. Ka1 Qxg3 22. Bh1 Bf5 23. Rg1 Qf2 24. Rg8+ Kf7 25.
Rxa8 Bxd2 26. Nxd2 Qe1+ 27. Ka2 Qxd2 28. Rxa7 Nc4 29. Qxb7 Kg6 30. Qb4 Qc1 31. e4 Nd2 32. exf5+ Kg5 33. Rxe7 Qb1+ 34. Ka3 Qa1# 0-1

[Event "Early-Titled-Tuesday-Blitz-June-18-2024"]
[Site "Chess.com"]
[Date "2024.06.18"]
[Round "3"]
[White "AlphaPerseii"]
[Black "ElCoachRene"]
[Result "1-0"]
[WhiteElo "2394"]
[BlackElo "2069"]
[TimeControl "180+1"]
[EndTime "8:29:23 PDT"]
[Termination "AlphaPerseii won by resignation"]

1. Nf3 d5 2. c4 c6 3. d4 Bf5 4.
Nc3 e6 5. Qb3 Qb6 6. c5 Qxb3 7.
axb3 Nd7 8. Bf4 a6 9. b4 Rc8 10. h3 Ngf6 11. g4 Bc2 12. Kd2 Bb3 13. Ra3 Bc4 14.
e3 Bxf1 15. Rxf1 h6 16. Ke2 Be7 17. Nd2 O-O 18. Nb3 Bd8 19. Na5 Bxa5 20. Rxa5 Rfe8 21. Be5 Nxe5 22. dxe5 Nd7 23. f4 f6 24. exf6 Nxf6 25.
Raa1 Rcd8 26. Rad1 e5 27. f5 d4 28. Na2 Nd5 29. e4 Ne3 30. Nc1 Nxf1 31. Rxf1 Rf8 32. Nd3 Rde8 33. h4 Rf6 34. g5 hxg5 35. hxg5 Rff8 36. Kf3 Kf7 37. Rh1 Re7 38. Kg4 Ra8 39. b3 a5 40. g6+ Kf6 41. bxa5 Rxa5 42. Rh8 Rc7 43. Re8 Re7 44. Rf8+ 1-0

[Event "Early-Titled-Tuesday-Blitz-June-18-2024"]
[Site "Chess.com"]
[Date "2024.06.18"]
[Round "3"]
[White "Alex_Sahakyan2006"]
[Black "Javokhir_Sindarov05"]
[Result "0-1"]
[WhiteElo "2774"]
[BlackElo "3059"]
[TimeControl "180+1"]
[EndTime "8:29:24 PDT"]
[Termination "Javokhir_Sindarov05 won on time"]

1. e4 c5 2. Nc3 e6 3. Nf3 Nc6 4. Bb5 Nd4 5. O-O a6 6. Bd3 Nc6 7. b3 d6 8. Bb2 Nf6 9. Re1 Be7 10. e5 dxe5 11. Nxe5 Nxe5 12. Rxe5 O-O 13. Ne4 Nxe4 14. Rxe4 Bf6 15. Bc3 b6 16. Qh5 g6 17. Qh6 Bxc3 18. dxc3 Qf6 19. Rh4 Qg7 20. Qxg7+ Kxg7 21. Be4 Ra7 22.
Rd1 f5 23. Bf3 g5 24. Rc4 Rd7 25. Rxd7+ Bxd7 26. a4 Bb5 27. axb5 axb5 28. Be2 bxc4 29. Bxc4 Kf6 30. Kf1 Rd8 31. Ke2 h5 32. g3 e5 33.
f3 g4 34. fxg4 hxg4 0-1

[Event "Early-Titled-Tuesday-Blitz-June-18-2024"]
[Site "Chess.com"]
[Date "2024.06.18"]
[Round "3"]
[White "patzer-reloaded"]
[Black "talaicito"]
[Result "0-1"]
[WhiteElo "2478"]
[BlackElo "2268"]
[TimeControl "180+1"]
[EndTime "8:29:25 PDT"]
[Termination "talaicito won on time"]

1. d3 e5 2. Nf3 d6 3. g3 f5 4. Bg2 Nf6 5. O-O Be7 6. c4 O-O 7. Nc3 Kh8 8. b4 Qe8 9. Bg5 Nbd7 10. Nd5 Bd8 11. Bxf6 Nxf6 12. b5 Nxd5 13. cxd5 Qxb5 14. Nd2 a5 15. a4 Qe8 16. Rb1 b6 17. Qc2 Bd7 18.
Ra1 Qh5 19. e3 f4 20. exf4 exf4 21. Rfe1 f3 22. Bf1 Bh3 23. Bxh3 Qxh3 24. Nxf3 Qf5 25. Nd4 Qxd5 26. Ne6 Rf7 27. Nf4 Qf5 28. Qc6 Rb8 29. Re8+ Rf8 30. Ne6 Qxf2+ 31. Kh1 Bf6 32. Nxf8 Rxe8 33.
Ng6+ hxg6 34. Qxe8+ Kh7 0-1

[Event "Early-Titled-Tuesday-Blitz-June-18-2024"]
[Site "Chess.com"]
[Date "2024.06.18"]
[Round "3"]
[White "myburger"]
[Black "scarabee43"]
[Result "0-1"]
[WhiteElo "2531"]
[BlackElo "2878"]
[TimeControl "180+1"]
[EndTime "8:29:26 PDT"]
[Termination "scarabee43 won by resignation"]

1. d4 Nf6 2. Nc3 d5 3. Bf4 a6 4. e3 Bf5 5. f3 e6 6. g4 Bg6 7. h4 h5 8. g5 Nfd7 9. Bd3 Bxd3 10.
Qxd3 g6 11. Be5 Nxe5 12. dxe5 Nd7 13. f4 c5 14. O-O-O b5 15. e4 d4 16. Nce2 Qa5 17.
Kb1 Nb6 18. f5 Nc4 19. c3 Nxe5 20. Qg3 Nc4 21. cxd4 cxd4 22. fxe6 O-O-O 23. Nxd4 Qb4 24. Rh2 Bd6 25. Qh3 Bxh2 26. e7+ Rd7 27. Nb3 Bd6 28. a3 Qa4 29. Qxd7+ Kxd7 30. Nc5+ Kxe7 31. Nxa4 bxa4 32.
Ne2 Rb8 33. Rd4 Rxb2+ 34. Kc1 Rxe2 35. Rxc4 Bxa3+ 36. Kd1 Rh2 37. Rxa4 Bb2 38. Rxa6 Rxh4 39. Kc2 Be5 40. Kd3 Rg4 41. Kc4 Rxg5 42. Ra7+ Kf8 43. Kd5 Bb8+ 0-1

[Event "Early-Titled-Tuesday-Blitz-June-18-2024"]
[Site "Chess.com"]
[Date "2024.06.18"]
[Round "3"]
[White "Senn71"]
[Black "MuradNuri"]
[Result "0-1"]
[WhiteElo "2341"]
[BlackElo "2669"]
[TimeControl "180+1"]
[EndTime "8:29:26 PDT"]
[Termination "MuradNuri won by resignation"]

1. e4 c5 2. Nf3 g6 3. c4 Bg7 4. Nc3 Nc6 5. g3 e6 6. Bg2 Nge7 7. O-O Rb8 8. d3 a6 9. a4 O-O 10. Bg5 h6 11. Bf4 d6 12. Qd2 g5 13. Be3 Nd4 14. h4 Nb3 15. Qd1 Nxa1 16. hxg5 hxg5 17. Nxg5 f6 18. Nf3 Nc6 19. Qxa1 f5 20. Bg5 Qe8 21.
Qc1 Qh5 22. Nh4 Nd4 23. Re1 Nb3 24. Qd1 Qxg5 25. Qxb3 f4 26. Nf3 Qh5 27. Qb6 fxg3 28. Qxd6 gxf2+ 29. Kxf2 Bd4+ 30. Ke2 e5 31. Rh1 Qg4 32.
Rh2 Be6 33. Nd5 Rbd8 34. Qe7 Qg6 35. Bh3 Bxh3 36. Ng5 Bg4+ 37. Kd2 Rd7 38. Qxf8+ Kxf8 39. Rh8+ Qg8 40. Rxg8+ Kxg8 41. Nf6+ Kg7 42. Nxd7 Bxd7 43. Nf3 Bxb2 0-1

[Event "Early-Titled-Tuesday-Blitz-June-18-2024"]
[Site "Chess.com"]
[Date "2024.06.18"]
[Round "3"]
[White "Sek_Konstantin"]
[Black "Durarbayli"]
[Result "0-1"]
[WhiteElo "2722"]
[BlackElo "2943"]
[TimeControl "180+1"]
[EndTime "8:29:27 PDT"]
[Termination "Durarbayli won on time"]

1. e4 c5 2. Nf3 d6 3. Bb5+ Bd7 4. Bxd7+ Qxd7 5. c4 g6 6. Nc3 Bg7 7. d4 Nc6 8. d5 Bxc3+ 9. bxc3 Na5 10. Nd2 e5 11. O-O Nf6 12. Rb1 O-O 13. h3 Rae8 14. Rb5 b6 15. a4 Kg7 16. f4 exf4 17. Rxf4 Nh5 18. Rf3 f5 19. exf5 Rxf5 20. g4 Rxf3 21. Nxf3 Ng3 22. Ng5 Ne2+ 23. Kg2 Nxc4 24. Ne6+ Rxe6 25.
dxe6 Qxe6 26. Qe1 Qe5 27. Kf2 Qh2+ 28. Kf3 Ne5+ 29. Ke4 Qg2+ 0-1

[Event "Early-Titled-Tuesday-Blitz-June-18-2024"]
[Site "Chess.com"]
[Date "2024.06.18"]
[Round "3"]
[White "koncheto"]
[Black "Qvalda"]
[Result "0-1"]
[WhiteElo "2636"]
[BlackElo "2465"]
[TimeControl "180+1"]
[EndTime "8:29:28 PDT"]
[Termination "Qvalda won by checkmate"]

1. e4 e6 2. d4 d5 3. Nd2 c5 4. exd5 Qxd5 5. Ngf3 cxd4 6. Bc4 Qd6 7.
O-O Nf6 8. Nb3 Nc6 9. Nbxd4 Nxd4 10. Nxd4 Be7 11. c3 O-O 12. Qf3 Qc7 13. Bb3 a5 14. a4 Bd7 15. Bg5 h6 16. Bh4 Qb6 17. Bc2 Rac8 18.
Rab1 Rc5 19. Rfe1 Re8 20. Re2 Bd8 21. Rd1 Nd5 22. Bg3 Bf6 23. Nb3 Rcc8 24. c4 Nb4 25.
Rxd7 Nxc2 26. Rxc2 Red8 27. Rxd8+ Rxd8 28. h3 h5 29. c5 Qb4 30. Nc1 Qe1+ 31. Kh2 Rd1 32. Bh4 Be5+ 33. g3 Qg1# 0-1

[Event "Early-Titled-Tuesday-Blitz-June-18-2024"]
[Site "Chess.com"]
[Date "2024.06.18"]
[Round "3"]
[White "FollowRivers"]
[Black "Shiner22"]
[Result "1-0"]
[WhiteElo "2501"]
[BlackElo "2271"]
[TimeControl "180+1"]
[EndTime "8:29:28 PDT"]
[Termination "FollowRivers won by resignation"]

1. e4 c5 2. Nf3 Nc6 3. d4 cxd4 4. Nxd4 e5 5. Nb5 a6 6. Nd6+ Bxd6 7. Qxd6 Qf6 8. Qd1 Qg6 9. Nc3 d5 10. Nxd5 Qxe4+ 11. Ne3 Nf6 12. Bd3 Qb4+ 13. c3 Qe7 14. Nf5 Bxf5 15. Bxf5 e4 16. O-O Qe5 17. Bh3 O-O 18.
g3 Rad8 19. Qe2 Rfe8 20. Bf4 Qc5 21. Rad1 Nd5 22. Bg5 Nxc3 23. bxc3 Qxg5 24. Bd7 Ne5 25. Bxe8 Nf3+ 26. Kg2 Qh5 27. Bxf7+ Kxf7 28. Qc4+ Kf6 29. Qxe4 Rxd1 30. Rxd1 Ng5 31. Rd6+ Kf7 32. Rd7+ Kf6 33.
Qe7+ Kg6 34. Rd6+ Kf5 35. Rd5+ Kg6 36. Qe8+ Kh6 37. Qxh5+ 1-0

[Event "Early-Titled-Tuesday-Blitz-June-18-2024"]
[Site "Chess.com"]
[Date "2024.06.18"]
[Round "3"]
[White "Lestofante90"]
[Black "Hamisandwich"]
[Result "0-1"]
[WhiteElo "2966"]
[BlackElo "2768"]
[TimeControl "180+1"]
[EndTime "8:29:29 PDT"]
[Termination "Hamisandwich won by checkmate"]

1. d4 d5 2. c4 e6 3. Nf3 Nf6 4. Nc3 c6 5. Bg5 Nbd7 6. e3 h6 7. Bh4 Be7 8. Bd3 dxc4 9. Bxc4 b5 10. Bd3 Bb7 11. O-O O-O 12. e4 b4 13. Na4 c5 14. dxc5 Nxe4 15. Bxe7 Qxe7 16. Qe1 Nexc5 17. Nxc5 Nxc5 18. Be2 a5 19. Rc1 Rfc8 20. Qd2 Qf6 21. Rfe1 Bd5 22. Qe3 Na4 23. Rxc8+ Rxc8 24. Qa7 Qxb2 25.
Qxa5 Nc3 26. Bf1 Bxa2 27. Ne5 Bd5 28. Qa7 Rf8 29. Nd7 Ra8 30. Qc7 Qd2 31. Re3 Ne4 32. Ne5 Qxf2+ 33. Kh1 Qxf1# 0-1

[Event "Early-Titled-Tuesday-Blitz-June-18-2024"]
[Site "Chess.com"]
[Date "2024.06.18"]
[Round "3"]
[White "Bilan_Danila"]
[Black "GothamChess"]
[Result "0-1"]
[WhiteElo "2567"]
[BlackElo "2786"]
[TimeControl "180+1"]
[EndTime "8:29:29 PDT"]
[Termination "GothamChess won by resignation"]

1. d4 g6 2. Nf3 Bg7 3. Bg5 h6 4.
Bh4 d6 5. c3 Nd7 6. e4 g5 7.
Bg3 Ngf6 8. Nbd2 Nh5 9. Bc4 e6 10. a4 a6 11. Nf1 Ndf6 12. e5 Nd7 13. Qe2 d5 14. Bd3 c5 15. h4 g4 16. N3d2 Nxg3 17. Nxg3 cxd4 18. cxd4 h5 19. Nxh5 Rxh5 20. Qxg4 Nxe5 21.
dxe5 Rxe5+ 22. Kf1 Kf8 23. Nf3 Qf6 24. Nxe5 Qxe5 25. h5 Bd7 26. h6 Bh8 27. Re1 Qxb2 28. g3 Qc3 29. Qf3 Ke7 30. h7 Bxa4 31. Kg2 Bc6 32.
Qf4 Qxd3 33. Qh4+ Kd7 34. Kh2 Qf3 35. Rhf1 Bf6 36. Qh3 Rh8 37. Re3 Qf5 0-1

[Event "Early-Titled-Tuesday-Blitz-June-18-2024"]
[Site "Chess.com"]
[Date "2024.06.18"]
[Round "3"]
[White "Sprinc1"]
[Black "SilverCityIndigo"]
[Result "1-0"]
[WhiteElo "2205"]
[BlackElo "2403"]
[TimeControl "180+1"]
[EndTime "8:29:29 PDT"]
[Termination "Sprinc1 won on time"]

1. d4 d5 2. Nf3 e6 3. g3 c6 4. Bg2 Nf6 5. O-O Be7 6. c4 dxc4 7. a4 a6 8. Ne5 O-O 9. Nxc4 c5 10. dxc5 Bxc5 11.
Bg5 Nc6 12. Qxd8 Rxd8 13. Nc3 Bd7 14. Rfd1 Be8 15. Bxf6 gxf6 16. Ne4 Be7 17. Ned6 Bxd6 18. Nxd6 Kf8 19. Nxb7 Rdb8 20. Nd6 Bd7 21. Nxf7 Ke7 22. Rac1 Rxb2 23. Bxc6 Bxc6 24. Rxc6 Kxf7 25. Rd7+ Kg6 26.
Rxe6 Ra2 27. Rd4 Rb8 28. Rxa6 Rb1+ 29. Kg2 Rbb2 30. Rf4 Rxe2 31. Raxf6+ Kg7 32. R6f5 h6 33. h4 Kg6 34. h5+ Kh7 35. a5 1-0

[Event "Early-Titled-Tuesday-Blitz-June-18-2024"]
[Site "Chess.com"]
[Date "2024.06.18"]
[Round "3"]
[White "chezzgirl04"]
[Black "NovoselovRoman"]
[Result "0-1"]
[WhiteElo "2202"]
[BlackElo "2554"]
[TimeControl "180+1"]
[EndTime "8:29:30 PDT"]
[Termination "NovoselovRoman won on time"]

1. e4 c5 2. Nf3 d6 3. c3 Nf6 4. e5 dxe5 5. Nxe5 Nbd7 6. Nf3 e6 7.
Be2 Be7 8. O-O O-O 9. d4 b6 10. Be3 Bb7 11. Nbd2 Qc7 12. Qb3 Rfd8 13. Rac1 Rac8 14.
Nc4 Nd5 15. Nce5 Nxe5 16. Nxe5 Bd6 17. Nf3 Nf4 18. Bd1 Nd3 19. Rc2 c4 20. Qa4 a6 21.
Rd2 b5 22. Qc2 Be4 23. Ng5 Bxh2+ 24. Kh1 Nxf2+ 25. Rfxf2 Bxc2 26. Bxc2 Rd7 27. Bxh7+ Kh8 28. Rf3 Bg3 29. Bf2 Bf4 30. Rh3 Bxg5 31. Re2 Bh6 32.
Be4 Qf4 33. Be3 Qxe4 34. Kh2 Kg8 0-1

[Event "Early-Titled-Tuesday-Blitz-June-18-2024"]
[Site "Chess.com"]
[Date "2024.06.18"]
[Round "3"]
[White "Roedor"]
[Black "UnTucopalaTimba"]
[Result "1-0"]
[WhiteElo "2405"]
[BlackElo "2091"]
[TimeControl "180+1"]
[EndTime "8:29:30 PDT"]
[Termination "Roedor won by checkmate"]

1. d4 Nf6 2. c4 e6 3. g3 d5 4.
Bg2 Be7 5. Nf3 O-O 6. O-O dxc4 7. Qa4 a6 8. Qxc4 b5 9. Qc2 Bb7 10. Bd2 Be4 11. Qc1 Qc8 12. Bg5 h6 13. Bxf6 Bxf6 14.
Nbd2 Bb7 15. Qc2 Qd7 16. Rac1 c6 17. Ne4 Rc8 18. Nxf6+ gxf6 19. Rfd1 Qd6 20. a3 Nd7 21. e4 Qe7 22. Qd2 Qf8 23. Qf4 Qg7 24. Qd6 Nb6 25. b3 Rab8 26. d5 exd5 27. Nd4 Rd8 28. Qc7 Ba8 29. Nf5 Qf8 30. Qf4 Kh7 31. exd5 cxd5 32. Rc7 Rb7 33. Rxb7 Bxb7 34. Be4 dxe4 35. Rxd8 Qxd8 36.
Qxh6+ Kg8 37. Qg7# 1-0

[Event "Early-Titled-Tuesday-Blitz-June-18-2024"]
[Site "Chess.com"]
[Date "2024.06.18"]
[Round "3"]
[White "Karateloru"]
[Black "GM_dmitrij"]
[Result "1-0"]
[WhiteElo "2785"]
[BlackElo "3025"]
[TimeControl "180+1"]
[EndTime "8:29:32 PDT"]
[Termination "Karateloru won by checkmate"]

1. b3 e5 2. Bb2 Nc6 3. e3 Nf6 4.
Bb5 Bd6 5. Na3 Be7 6. Bxc6 dxc6 7. Nc4 e4 8. a4 O-O 9. a5 Be6 10. Ne2 Nd5 11. O-O c5 12. Ng3 f5 13. f3 exf3 14.
Qxf3 Bf6 15. Bxf6 Qxf6 16. Nh5 Qe7 17. Nf4 Rad8 18. Rf2 Bf7 19. Qg3 Nb4 20. d3 Rde8 21. Re1 Nc6 22. h4 Kh8 23. h5 Rg8 24. Ng6+ Bxg6 25.
hxg6 Rgf8 26. Qh3 h6 27. Rxf5 Rxf5 28. Qxf5 Rf8 29. Qg4 Qf6 30. Qg3 b5 31. axb6 cxb6 32. Nd2 Nb4 33. Rf1 Qe7 34. Rxf8+ Qxf8 35. Ne4 Nxc2 36.
Nd6 Kg8 37. Qe5 h5 38. Qd5+ Kh8 39. Qxh5+ Kg8 40. Qh7# 1-0

[Event "Early-Titled-Tuesday-Blitz-June-18-2024"]
[Site "Chess.com"]
[Date "2024.06.18"]
[Round "3"]
[White "DinaBelenkaya"]
[Black "dennisodessa"]
[Result "0-1"]
[WhiteElo "2323"]
[BlackElo "2588"]
[TimeControl "180+1"]
[EndTime "8:29:32 PDT"]
[Termination "dennisodessa won by resignation"]

1. Nf3 e6 2. g3 Nf6 3. Bg2 b6 4. O-O Bb7 5. d3 Be7 6. e4 O-O 7. Nbd2 c5 8. c3 d5 9. e5 Nfd7 10. d4 Nc6 11. Re1 Re8 12. Nf1 f6 13. Bf4 fxe5 14.
dxe5 Nf8 15. h4 Ng6 16. Bd2 Qc7 17. Qe2 h6 18. h5 Nh8 19. N1h2 Rf8 20. Ng4 Rf5 21.
Bxh6 Rxh5 22. Bf4 Rf8 23. Qd2 Nf7 24. Rad1 Qd8 25. Qc1 Qe8 26. Nfh2 Ng5 27. Bxg5 Bxg5 28. f4 Be7 29. Bf3 Qg6 30. Kg2 Bd8 31. Qd2 Ne7 32.
Qe2 Nf5 33. Rg1 Rh8 34. Qf2 Qf7 35. c4 d4 36. Bxb7 Qxb7+ 37. Qf3 Ne3+ 38. Nxe3 Rxh2+ 39.
Kxh2 Qxf3 40. Ng2 Qh5+ 41. Nh4 Bxh4 42. gxh4 Qxh4+ 43. Kg2 Rxf4 0-1

[Event "Early-Titled-Tuesday-Blitz-June-18-2024"]
[Site "Chess.com"]
[Date "2024.06.18"]
[Round "3"]
[White "klimkoj"]
[Black "tetrix83"]
[Result "1-0"]
[WhiteElo "2898"]
[BlackElo "2684"]
[TimeControl "180+1"]
[EndTime "8:29:33 PDT"]
[Termination "klimkoj won on time"]

1. e4 c5 2. Nf3 d6 3. c3 Nf6 4. Bd3 Bd7 5. O-O Bc6 6. Re1 Nbd7 7. Bc2 e5 8. d4 Be7 9. a4 b6 10. d5 Bb7 11. a5 b5 12. c4 bxc4 13. Ba4 Ba6 14.
Qc2 O-O 15. Bd2 Rb8 16. Na3 Ne8 17. Rab1 Nc7 18. Bc3 Nb5 19. Bxb5 Bxb5 20. Nxb5 Rxb5 21. Nd2 f5 22. exf5 Nf6 23. Nxc4 Nxd5 24. Rbd1 Qa8 25. Qd3 Nf4 26. Qf1 Rxf5 27. g3 Rf6 28. f3 Nd5 29.
Nxe5 Nxc3 30. bxc3 Rb2 31. Qc4+ Kh8 32. Nf7+ Rxf7 33.
Qxf7 Qf8 34. Qxe7 1-0

[Event "Early-Titled-Tuesday-Blitz-June-18-2024"]
[Site "Chess.com"]
[Date "2024.06.18"]
[Round "3"]
[White "KorolDimitriy75"]
[Black "Ash15K"]
[Result "1-0"]
[WhiteElo "2520"]
[BlackElo "2304"]
[TimeControl "180+1"]
[EndTime "8:29:33 PDT"]
[Termination "KorolDimitriy75 won by checkmate"]

1. d4 Nf6 2. c4 e6 3. Nc3 Bb4 4. Qc2 O-O 5. e4 d5 6. cxd5 exd5 7. e5 Ne4 8. Bd3 f5 9. Ne2 c5 10. O-O Bxc3 11. bxc3 c4 12. Bxe4 fxe4 13. Ba3 Rf7 14. Qd2 Nc6 15. Bd6 Qh4 16. Qe3 Bg4 17. f3 exf3 18.
gxf3 Bh3 19. Rf2 Ne7 20. Ng3 Nf5 21. Nxf5 Rxf5 22. Kh1 g5 23. Rg1 g4 24. Rg3 Kh8 25.
fxg4 Rxf2 26. Qxf2 Bxg4 27. Qf4 Rg8 28. e6 h5 29.
Be5+ Kh7 30. Qf7+ Kh6 31. Qxg8 Bh3 32. Qg7# 1-0

[Event "Early-Titled-Tuesday-Blitz-June-18-2024"]
[Site "Chess.com"]
[Date "2024.06.18"]
[Round "3"]
[White "GMT4114"]
[Black "harkerchess"]
[Result "0-1"]
[WhiteElo "1942"]
[BlackElo "2374"]
[TimeControl "180+1"]
[EndTime "8:29:33 PDT"]
[Termination "harkerchess won by resignation"]

1. e4 e5 2. Bc4 Nf6 3. d3 Nc6 4. Nc3 Na5 5. Bb3 Nxb3 6. axb3 d5 7. exd5 Nxd5 8. Nf3 Nxc3 9. bxc3 Bd6 10. O-O O-O 11.
Re1 Re8 12. h3 b6 13. c4 Bb7 14. Bb2 Qf6 15. Qe2 Qf4 16. Qe3 Qf5 17. Qg5 Qxg5 18. Nxg5 f5 19. Re2 h6 20. Nf3 Bxf3 21. gxf3 Kf7 22.
Rae1 Bb4 23. c3 Bd6 24. d4 exd4 25. cxd4 Bb4 26. Rxe8 Rxe8 27. Rxe8 Kxe8 28. Kg2 Ke7 29. h4 g6 30. d5 Bd2 31. Kg3 Kd6 32. Bd4 g5 33.
hxg5 hxg5 34. f4 Bxf4+ 35. Kf3 a6 36. Kg2 b5 37. Kf3 a5 38. Ke2 a4 39. Kd3 axb3 40. Kc3 b2 41. Kxb2 bxc4 42. Kc3 Kxd5 0-1

[Event "Early-Titled-Tuesday-Blitz-June-18-2024"]
[Site "Chess.com"]
[Date "2024.06.18"]
[Round "3"]
[White "GMG"]
[Black "evgchess5"]
[Result "1/2-1/2"]
[WhiteElo "2728"]
[BlackElo "2932"]
[TimeControl "180+1"]
[EndTime "8:29:34 PDT"]
[Termination "Game drawn by repetition"]

1. d4 Nf6 2. g3 e6 3. Bg2 c5 4.
Nf3 cxd4 5. O-O a6 6. Nxd4 Qc7 7.
b3 d5 8. c4 dxc4 9. Na3 e5 10.
Nf3 c3 11. Nc4 Nc6 12. Be3 Be6 13. Bb6 Qb8 14. Rc1 Bxc4 15. bxc4 Bb4 16. a3 Bxa3 17. Rxc3 Bb4 18. Rb3 O-O 19. Nxe5 Qxe5 20. Bxc6 bxc6 21. Rxb4 Rfe8 22. Qa4 Qe6 23. Rb3 Ne4 24. Re3 Qf6 25. Qc2 Qg6 26. Rd1 a5 27. f3 Nf6 28. Qxg6 hxg6 29.
Rxe8+ Nxe8 30. Bc5 a4 31. Ba3 Rb8 32. Kf2 f6 33.
Rd7 Rb3 34. Rd8 Kf7 35. Rd7+ Kg8 36. Rd8 Kf7 37. Rd7+ Kg8 1/2-1/2

[Event "Early-Titled-Tuesday-Blitz-June-18-2024"]
[Site "Chess.com"]
[Date "2024.06.18"]
[Round "3"]
[White "xakevicius91"]
[Black "Rdeux42"]
[Result "1-0"]
[WhiteElo "2634"]
[BlackElo "2429"]
[TimeControl "180+1"]
[EndTime "8:29:34 PDT"]
[Termination "xakevicius91 won by resignation"]

1. e4 c5 2. Nf3 d6 3. Bc4 Nf6 4. Qe2 Nc6 5. c3 Bg4 6. h3 Bxf3 7. Qxf3 e6 8. Qe2 Be7 9. Bb3 O-O 10. O-O d5 11. e5 Nd7 12. f4 c4 13. Bc2 Nc5 14. d4 cxd3 15. Bxd3 Nxd3 16. Qxd3 Qb6+ 17. Kh2 Rad8 18. Nd2 d4 19. Nf3 dxc3 20. Qxc3 Bb4 21. Qb3 Bc5 22. Bd2 Qxb3 23. axb3 a6 24. Bc3 Rd3 25.
Rfd1 Rfd8 26. Rxd3 Rxd3 27. Rc1 Be3 28. Re1 Bxf4+ 29.
g3 Be3 30. Kg2 h6 31. Re2 Bc5 32. h4 Nb4 33. Ne1 Rd1 34. Kf3 Nd5 35. Bd2 Bd4 36.
Nd3 f5 37. exf6 Bxf6 38. Nf2 Rb1 39. Rxe6 Rxb2 40. Ne4 Rxb3+ 41. Ke2 Kf7 42. Rd6 Nc3+ 43.
Bxc3 Bxc3 44. Rd7+ Kg6 45. g4 h5 46. Rd6+ Kf7 47.
gxh5 Bf6 48. Rd7+ Ke6 49. Nc5+ 1-0

[Event "Early-Titled-Tuesday-Blitz-June-18-2024"]
[Site "Chess.com"]
[Date "2024.06.18"]
[Round "3"]
[White "FMalexhdez"]
[Black "DishonorOnYourCow"]
[Result "0-1"]
[WhiteElo "2295"]
[BlackElo "2523"]
[TimeControl "180+1"]
[EndTime "8:29:34 PDT"]
[Termination "DishonorOnYourCow won on time"]

1. e4 c5 2. Nf3 d6 3. d4 cxd4 4. Nxd4 Nf6 5. Nc3 a6 6. h3 e5 7. Nde2 h5 8. g3 Be6 9. Bg2 Be7 10. O-O Nc6 11. Be3 b5 12. a3 Qc7 13. Nd5 Bxd5 14.
exd5 Nb8 15. Nc3 Nbd7 16. f4 h4 17. g4 exf4 18. Bxf4 O-O 19. g5 Nh7 20. Qh5 Ne5 21.
Be4 g6 22. Qxh4 Qc5+ 23. Kh1 b4 24. axb4 Qxb4 25. Qg3 Rac8 26. Bg2 Qxb2 27. Ne4 Rxc2 28. h4 Nd3 29. Rab1 Qd4 30. Nf6+ Nxf6 31. gxf6 Bxf6 32.
Be3 Qe5 33. Qxe5 Bxe5 0-1

[Event "Early-Titled-Tuesday-Blitz-June-18-2024"]
[Site "Chess.com"]
[Date "2024.06.18"]
[Round "3"]
[White "Timurist"]
[Black "abelmat"]
[Result "1-0"]
[WhiteElo "2389"]
[BlackElo "2037"]
[TimeControl "180+1"]
[EndTime "8:29:34 PDT"]
[Termination "Timurist won by resignation"]

1. e4 e6 2. d4 d5 3. e5 c5 4. c3 Qb6 5. Nf3 Bd7 6. a3 cxd4 7. cxd4 Bb5 8. Bxb5+ Qxb5 9. Nc3 Qb6 10. O-O Nc6 11.
b4 Nge7 12. Na4 Qc7 13. Bb2 Nf5 14. Rc1 a6 15. Nc5 Be7 16. Qc2 Rc8 17. Qd3 O-O 18. Rc2 Bxc5 19. dxc5 Nce7 20. g4 Nh6 21. Ng5 Ng6 22.
h3 Qe7 23. f4 f6 24. f5 Nxe5 25. Bxe5 fxg5 26. Bd6 Qd7 27. Bxf8 Rxf8 28. fxe6 Qxe6 29. Rxf8+ Kxf8 30. Rf2+ Kg8 31. Re2 Qc6 32. Re5 Nf7 33. Qxd5 Qc8 34. Re7 Qf8 35. Rxb7 h6 36. Qxf7+ Qxf7 37. Rxf7 Kxf7 38. a4 Ke6 39. b5 axb5 40. axb5 Kd5 41.
c6 Kc5 42. c7 1-0

[Event "Early-Titled-Tuesday-Blitz-June-18-2024"]
[Site "Chess.com"]
[Date "2024.06.18"]
[Round "3"]
[White "VaglioSagan"]
[Black "Forge13"]
[Result "0-1"]
[WhiteElo "2484"]
[BlackElo "2699"]
[TimeControl "180+1"]
[EndTime "8:29:35 PDT"]
[Termination "Forge13 won by resignation"]

1. d4 Nf6 2. c4 d6 3. Nc3 e5 4.
dxe5 dxe5 5. Qxd8+ Kxd8 6. Bg5 Be7 7. O-O-O+ Nfd7 8. Bxe7+ Kxe7 9. Nf3 c6 10. e4 f6 11.
Bd3 a5 12. h3 Na6 13. Nh4 Nb6 14. Be2 g6 15. g4 Nc5 16. Ng2 Be6 17. Ne3 Nba4 18. Nxa4 Nxa4 19. h4 h6 20. g5 fxg5 21.
hxg5 h5 22. Ng2 Nc5 23. f3 Rhd8 24. Nh4 Bf7 25. Kc2 Ne6 26. Rxd8 Rxd8 27. Bd1 Nxg5 28. Rg1 Kf6 29. b3 Ne6 30. Kc1 Nf4 31. Ng2 Nxg2 32.
Rxg2 g5 33. a3 a4 34. Kb2 axb3 35. Bxb3 Rd3 36. a4 Rxf3 37. Rd2 Ke7 38. a5 g4 39. Bd1 Re3 40. c5 Rxe4 41. Kc3 h4 42. Rb2 Rc4+ 43. Kd3 Rd4+ 44. Ke2 g3 45. Rxb7+ Kf6 46.
a6 Bh5+ 47. Ke3 Bxd1 48. a7 Ra4 49. Rb6 Rxa7 50. Rxc6+ Kf5 51. Rh6 Kg4 52. Rg6+ Kh3 53. c6 Rc7 54. Kd2 Ba4 55. Ke3 Bxc6 56. Rg5 Rc8 0-1

[Event "Early-Titled-Tuesday-Blitz-June-18-2024"]
[Site "Chess.com"]
[Date "2024.06.18"]
[Round "3"]
[White "eltenedor"]
[Black "fourqueens13"]
[Result "1-0"]
[WhiteElo "2135"]
[BlackElo "2401"]
[TimeControl "180+1"]
[EndTime "8:29:35 PDT"]
[Termination "eltenedor won on time"]

1. f4 d5 2. Nf3 g6 3. c4 c6 4. cxd5 cxd5 5. Qb3 Bg7 6. Nc3 Nf6 7.
e3 O-O 8. Be2 Nc6 9. Nb5 Ne4 10.
O-O b6 11. Nc3 Be6 12. Qc2 Nb4 13. Qb1 Nc5 14. Nd4 Bxd4 15. f5 Bg7 16. fxe6 Nxe6 17. a3 Nc6 18. d4 Rc8 19. Bf3 Nc7 20. Kh1 e5 21. dxe5 Nxe5 22. Be2 d4 23. exd4 Qxd4 24. Bf4 Rcd8 25. Qe1 Ne6 26. Bg3 Nd3 27. Bxd3 Qxd3 28. Ne4 Nd4 29. Rd1 Qc4 30. Nf6+ Kh8 31. Be5 Nf5 32. Rf4 1-0

[Event "Early-Titled-Tuesday-Blitz-June-18-2024"]
[Site "Chess.com"]
[Date "2024.06.18"]
[Round "3"]
[White "sleeping_in_the_fire"]
[Black "KogotBobra17"]
[Result "0-1"]
[WhiteElo "2461"]
[BlackElo "2669"]
[TimeControl "180+1"]
[EndTime "8:29:36 PDT"]
[Termination "KogotBobra17 won by resignation"]

1. e4 c5 2. Nc3 Nc6 3. Nge2 Nf6 4.
d4 cxd4 5. Nxd4 e5 6. Ndb5 d6 7. Bg5 a6 8. Na3 Be6 9. Nc4 Rb8 10. Ne3 Be7 11. Bc4 O-O 12. O-O Nd4 13. Bxf6 Bxf6 14. Ncd5 Bg5 15. c3 Nc6 16. Bb3 Kh8 17. Qd3 g6 18.
Rad1 f5 19. exf5 gxf5 20. f4 Bh6 21. fxe5 Nxe5 22. Qd4 Bg7 23. Qf4 Ng6 24. Qb4 Qg5 25. Qxd6 Rbe8 26. Kh1 Be5 27. Qc5 Qh4 28. g3 Bxg3 29.
Qd4+ Qxd4 30. Rxd4 Be5 31. Rd3 f4 32. Nc4 Bb8 33.
Ncb6 Bf5 34. Rd2 Be4+ 35. Kg1 Nh4 36. Rdf2 Rg8+ 0-1